 Dungeon Crawl Stone Soup version 0.27-a0-1071-ga85bd9520d (webtiles) character file.

Game seed: 15775672636316199980

292 pokeman the Magician (level 6, -4/34 HPs)
             Began as a Deep Elf Hedge Wizard on Apr 24, 2021.
             Slain by a gnoll
             ... wielding a +0 spear
              (9 damage)
             ... on level 3 of the Dungeon.
             The game lasted 00:05:30 (3294 turns).

pokeman the Magician (Deep Elf Hedge Wizard)        Turns: 3294, Time: 00:05:31

Health: -4/34      AC:  4    Str:  7    XL:     6   Next: 10%
Magic:  10/17      EV: 12    Int: 21    God:
Gold:   118        SH:  0    Dex: 14    Spells: 7/18 levels left

rFire    . . .     SeeInvis .   i - +0 trident (venom)
rCold    . . .     Faith    .   (no shield)
rNeg     . . .     Spirit   .   q - +0 leather armour
rPois    .         Reflect  .   c - +0 hat
rElec    .         Harm     .   (no cloak)
rCorr    .         Rampage  .   o - +0 pair of gloves
Will     .....                  (no boots)
Stlth    ++........             (no amulet)
HPRegen  0.11/turn              (no ring)
MPRegen  0.15/turn              (no ring)

@: very slightly contaminated
A: no striking features
a: no special abilities


You were on level 3 of the Dungeon.
You visited 1 branch of the dungeon, and saw 3 of its levels.

You collected 118 gold pieces.

Inventory:

Hand Weapons
 i - a +0 trident of venom (weapon)
Missiles
 b - 37 bolts
 h - 50 arrows
Armour
 c - a +0 hat (worn)
 o - a +0 pair of gloves (worn)
 q - a +0 leather armour (worn)
Scrolls
 f - 3 scrolls of identify {unknown}
 g - a scroll of magic mapping {unknown}
 j - 3 scrolls of amnesia {unknown}
 l - 2 scrolls of vulnerability {unknown}
 m - a scroll of teleportation {unknown}
Potions
 a - a potion of curing {unknown}
 d - a potion of resistance {unknown}
 e - a potion of attraction {unknown}
 k - a potion of lignification {unknown}
 n - 2 potions of haste {unknown}
 p - 2 potions of brilliance {unknown}
 r - a potion of flight {unknown}


   Skills:
 - Level 1.0 Fighting
 - Level 1.0 Armour
 - Level 3.0 Dodging
 - Level 3.2 Stealth
 * Level 6.7 Spellcasting
 + Level 3.0 Conjurations
 - Level 1.1 Summonings
 - Level 1.1 Translocations
 + Level 1.5 Fire Magic
 + Level 0.4 Air Magic
 - Level 1.2 Poison Magic


You had 7 spell levels left.
You knew the following spells:

 Your Spells              Type           Power      Damage    Failure   Level
a - Magic Dart            Conj           76%        1d6       3%          1
b - Mephitic Cloud        Conj/Pois/Air  13%        N/A       21%         3
c - Call Imp              Summ           11%        N/A       13%         2
d - Blink                 Tloc           N/A        N/A       13%         2
e - Conjure Flame         Conj/Fire      16%        6-21      16%         3

Your spell library contained the following spells:

 Spells                   Type           Power      Damage    Failure   Level
 Slow                     Hex            7%         N/A       21%         2


Dungeon Overview and Level Annotations

Branches:
Dungeon (3/15)

Altars:
Zin


Message History

The spell is quite dangerous to cast (21% risk of failure)!
Continue anyway?
Okay, then.
Casting: Mephitic Cloud (quite dangerous; 21% risk of failure)
Confirm with . or Enter, or press ? or * to list all spells.
The spell is quite dangerous to cast (21% risk of failure)!
Continue anyway?
Aiming: Mephitic Cloud (quite dangerous; 21% risk of failure)
Press: ? - help, Shift-Dir - straight line, f/p - gnoll
Aim: a gnoll, wielding a +0 spear (moderately wounded, confused, very poisoned, chance to affect: 91%)
You miscast Mephitic Cloud.
You are very lightly contaminated with residual magic.
You feel a sudden electric shock!
* * * LOW HITPOINT WARNING * * *
The gnoll says, "I'm a little confused."
The gnoll hits the gnoll with a +0 spear!
The gnoll hits itself with a +0 spear.
Unknown command.
Casting: Mephitic Cloud (quite dangerous; 21% risk of failure)
Confirm with . or Enter, or press ? or * to list all spells.
The spell is quite dangerous to cast (21% risk of failure)!
Continue anyway?
Aiming: Mephitic Cloud (quite dangerous; 21% risk of failure)
Press: ? - help, Shift-Dir - straight line, f/p - gnoll
Aim: a gnoll, wielding a +0 spear (heavily wounded, confused, very poisoned, chance to affect: 91%)
The ball explodes into a vile cloud!
The stinking cloud engulfs the gnoll but does no damage.
The gnoll is heavily wounded.
The stinking cloud engulfs the gnoll but does no damage.
The gnoll is severely wounded.
You hear a shout!
The gnoll is engulfed in noxious fumes.
The gnoll appears confused.
The gnoll barely misses the orc.
The gnoll barely misses itself.
Unknown command.
Unknown command.
Reach: i) +0 trident (venom)
Press: ? - help, Dir - move target, f/p - gnoll
Aim: a gnoll, wielding a +0 spear (noxious fumes, severely wounded, confused, very poisoned, about 20% to evade your +0 trident of venom)
You reach to attack!
You completely miss the gnoll.
The gnoll is severely wounded.
The gnoll seems less confused.
The gnoll is engulfed in noxious fumes.
The gnoll hits you from afar with a +0 spear!
You die...

.# ##...## #..# # .#
##'## ##.# # .# #.#
#.# # .# #.#
#.####### ##.## ###
#........
##...###.#######.###
#.###.....#.#.## #.#
#............#.# #.#
######@###...######.#
#○# #.#........# #g#
##.######### #g# ###
#o# ..) #.# #.# #.#


You could see 2 gnolls and an orc.

Vanquished Creatures
  A necrophage (D:3)
  A bullfrog (D:2)
  An orc priest (D:3)
  An orc wizard (D:3)
  2 gnolls (D:3)
  An adder (D:2)
  2 dart slugs (D:1)
  4 orcs (D:3)
  10 ball pythons
  2 endoplasms
  A giant cockroach (D:1)
  8 goblins
  3 hobgoblins
  6 jackals
  2 quokkas
  6 bats
  2 frilled lizards
  5 kobolds
  6 rats
64 creatures vanquished.

Vanquished Creatures (others)
  4 toadstools (D:1)
4 creatures vanquished.

Grand Total: 68 creatures vanquished

Notes
Turn   | Place    | Note
-------+----------+-------------------------------------------
     0 | D:1      | pokeman the Deep Elf Hedge Wizard began the quest for the
                  | Orb.
     0 | D:1      | Reached XP level 1. HP: 10/10 MP: 7/7
   152 | D:1      | Reached XP level 2. HP: 15/15 MP: 6/9
   499 | D:1      | Found a faded altar of an unknown god.
   624 | D:1      | Reached skill level 5 in Spellcasting
  1072 | D:2      | Reached XP level 3. HP: 20/20 MP: 11/11
  1076 | D:2      | Learned a level 3 spell: Mephitic Cloud
  1079 | D:2      | Learned a level 2 spell: Call Imp
  1082 | D:2      | Learned a level 2 spell: Blink
  1086 | D:2      | Learned a level 3 spell: Conjure Flame
  1304 | D:2      | Found a glowing silver altar of Zin.
  1501 | D:2      | Reached skill level 1 in Armour
  1612 | D:2      | Reached skill level 1 in Fighting
  1913 | D:2      | Noticed a bullfrog
  1916 | D:2      | Killed a bullfrog
  1917 | D:2      | Reached skill level 1 in Poison Magic
  1917 | D:2      | Reached XP level 4. HP: 25/25 MP: 4/13
  2424 | D:3      | Reached skill level 6 in Spellcasting
  2424 | D:3      | Reached XP level 5. HP: 26/29 MP: 8/15
  2615 | D:3      | Noticed a necrophage
  2631 | D:3      | Killed a necrophage
  2632 | D:3      | Reached skill level 1 in Fire Magic
  3048 | D:3      | Reached XP level 6. HP: 23/34 MP: 12/17
  3294 | D:3      | Slain by a gnoll

Illustrated notes

Levels and vault maps discovered:
D:1:      ldierk_walled_garden_2, layout_rooms,
          hellmonk_ecumenical_altar_lost_god, minmay_domino_2
D:2:      layout_loops_corners, basic_altar, minivault_23,
          kennysheep_generic_room_12
D:3:      layout_loops_corners, skrybe_limestone_x

Skill      XL: |  1  2  3  4  5 |
---------------+----------------+-----
Spellcasting   | 5 6 |  6.7
Armour         | 1 |  1.0
Fighting       | 1 |  1.0
Conjurations   | 2 3 |  3.0
Dodging        | 3 |  3.0
Poison Magic   | 1 |  1.2
Stealth        | 3 |  3.2
Fire Magic     | 1 |  1.5
Summonings     | |  1.1
Translocations | |  1.1
Air Magic      | |  0.4

Action                   |  1- 3 |  4- 6 || total
-------------------------+-------+-------++-------
Melee: Trident           |     5 |    21 ||    26
       Dagger            |     3 |       ||     3
 Cast: Magic Dart        |   101 |    36 ||   137
       Mephitic Cloud    |     1 |     4 ||     5
       Conjure Flame     |       |     1 ||     1
       Call Imp          |       |     1 ||     1
 Stab: Sleeping          |     2 |       ||     2
       Confused          |       |     2 ||     2
Armor: Robe              |     3 |       ||     3
       Leather armour    |       |     3 ||     3
Dodge: Dodged            |    13 |     9 ||    22

Table legend: (Time is in decaauts)
 A = Elapsed time spent in this place.
 B = Non-inter-level travel time spent in this place.
 C = Inter-level travel time spent in this place.
 D = Time resting spent in this place.
 E = Time spent auto-exploring this place.
 F = Levels seen in this place.
 G = Mean time per level.
                   A        B        C        D        E       F      G
               +--------+--------+--------+--------+--------+-----+--------+
         Total |   3304 |   3273 |     31 |     37 |   2878 |   3 | 1101.3 |
       Dungeon |   3304 |   3273 |     31 |     37 |   2878 |   3 | 1101.3 |
               +--------+--------+--------+--------+--------+-----+--------+

Top non-repeatable levels by time:
     D:2: 1418 daAuts
     D:1: 946 daAuts
     D:3: 939 daAuts
